 Dungeon Crawl Stone Soup version 0.31-a0-83-gbff143cfd1 (webtiles) character file.

Game seed: 3649479096966933635

63 lunkers the Stinger (level 4, -1/30 HPs)
             Began as a Formicid Venom Mage on May 24, 2023.
             Slain by an adder (2 damage)
             ... on level 2 of the Dungeon.
             The game lasted 00:01:53 (1650 turns).

lunkers the Stinger (Formicid Venom Mage)           Turns: 1650, Time: 00:01:53

Health: -1/30      AC:  3    Str: 13    XL:     4   Next: 31%
Magic:  1/8        EV: 12    Int: 16    God:
Gold:   56         SH:  0    Dex: 14    Spells: 8/9 levels left

rFire   . . .        (no weapon)
rCold   . . .        (no shield)
rNeg    . . .        a - +0 robe
rPois   .            (helmet unavailable)
rElec   .            l - +0 cloak
rCorr   .            (no gloves)
SInv    +            (no boots)
Will    .....        (no amulet)
Stlth   ++           (no ring)
HPRegen 0.25/turn    (no ring)
MPRegen 0.11/turn

%: no passive effects
@: no status effects
A: permanent stasis, dig shafts and tunnels, antennae 3, four strong arms
a: Dig, Shaft Self


You were on level 2 of the Dungeon.
You visited 1 branch of the dungeon, and saw 2 of its levels.

You collected 56 gold pieces.

Inventory:

Armour
 a - a +0 robe (worn)
 l - a +0 cloak (worn)
Scrolls
 d - a scroll of enchant armour {unknown}
 e - 3 scrolls of identify {unknown}
 f - a scroll of butterflies {unknown}
 g - a scroll of acquirement {unknown}
Potions
 b - a potion of magic
 c - a potion of enlightenment {unknown}
 h - a potion of brilliance {unknown}
 i - a potion of cancellation {unknown}
 j - a potion of attraction {unknown}
 k - a potion of curing {unknown}


   Skills:
 - Level 1.7 Dodging
 - Level 2.4 Stealth
 + Level 3.1 Spellcasting
 - Level 1.1 Transmutations
 * Level 5.7 Poison Magic


You had 8 spell levels left.
You knew the following spells:

 Your Spells              Type           Power      Damage    Failure   Level
a - Sting                 Tmut/Pois      48%        1d5       5%          1

Your spell library contained the following spells:

 Spells                   Type           Power      Damage    Failure   Level
 Poisonous Vapours        Pois/Air       20%        N/A       10%         2
 Olgreb's Toxic Radiance  Pois           20%        N/A       17%         4
 Mephitic Cloud           Conj/Pois/Air  6%         N/A       30%         3


Dungeon Overview and Level Annotations

Branches:
Dungeon (2/15)

Altars:

Annotations:
D:2 Sigmund


Innate Abilities, Weirdness & Mutations

You cannot be hasted, slowed, berserked, paralysed or teleported.
You can dig through walls and to a lower floor.
You have a pair of large antennae on your head. (SInv)
Your four strong arms can wield two-handed weapons with a shield.


Message History

Aiming: Sting (safe; 5% risk of failure)
Press: ? - help, Q - select action, (/) - cycle Shift-Dir - straight line, f/p - adder
Aim: an adder (almost dead, very poisoned, 53% to hit)
The sting hits the adder.
The adder looks even sicker.
You kill the adder!
You feel sick.
Aiming: Sting (safe; 5% risk of failure)
Press: ? - help, Q - select action, (/) - cycle Shift-Dir - straight line, f - adder
Aim: an adder (53% to hit)
The sting misses the adder.
The sting hits the endoplasm.
The endoplasm partially resists.
The endoplasm is lightly wounded.
You feel sick. The adder bites you but does no damage. The adder misses you.
Aiming: Sting (safe; 5% risk of failure)
Press: ? - help, Q - select action, (/) - cycle Shift-Dir - straight line, f/p - adder
Aim: an adder (53% to hit)
The sting misses the adder.
The sting hits the endoplasm.
The endoplasm partially resists.
The endoplasm is poisoned.
The endoplasm is heavily wounded.
You feel sick. The adder bites you.
* * * LOW HITPOINT WARNING * * *
Aiming: Sting (safe; 5% risk of failure)
Press: ? - help, Q - select action, (/) - cycle Shift-Dir - straight line, f/p - adder
Aim: an adder (53% to hit)
The sting hits the adder.
The adder is poisoned.
The adder is lightly wounded.
* * * LOW HITPOINT WARNING * * *
You feel sick. The adder misses you.
Aiming: Sting (safe; 5% risk of failure)
Press: ? - help, Q - select action, (/) - cycle Shift-Dir - straight line, f/p - adder
Aim: an adder (moderately wounded, poisoned, 53% to hit)
The sting hits the adder.
The adder looks even sicker.
The adder is heavily wounded.
* * * LOW MAGIC WARNING * * *
* * * LOW HITPOINT WARNING * * *
You feel sick.
You are no longer poisoned.
The adder bites you.
You die...

#..# ########......#
..## #.####.# )..# #.#
.# #..# #.# #..# #.#
####..# #@# ......# #J#
#####.#### #S# #.......#
#@# ########.. #.##.##.#
#.#####.........
#.##.##.#
#.....#.#####...
#.##.##.#
#####.#.#####...
#.##.##.# #...........
##.##.##.# ###(#####..#
#.#.#.##.#############.#
.###..##...............#
#.#.####################


You could see Sigmund (invisible), an adder (very poisoned) and an endoplasm
(poisoned).

Vanquished Creatures
  3 adders (D:2)
  2 dart slugs (D:1)
  4 endoplasms
  A giant cockroach (D:1)
  4 goblins
  A hobgoblin (D:1)
  7 quokkas
  2 ball pythons (D:1)
  3 bats (D:1)
  A frilled lizard (D:1)
  3 rats (D:1)
31 creatures vanquished.

Notes
Turn   | Place    | Note
-------+----------+-------------------------------------------
     0 | D:1      | lunkers the Formicid Venom Mage began the quest for the
                  | Orb.
     0 | D:1      | Reached XP level 1. HP: 13/13 MP: 3/3
   179 | D:1      | Reached XP level 2. HP: 16/19 MP: 0/5
   691 | D:1      | Reached XP level 3. HP: 24/24 MP: 2/6
   692 | D:1      | Reached skill level 5 in Poison Magic
  1400 | D:2      | Reached XP level 4. HP: 30/30 MP: 2/8
  1630 | D:2      | Noticed Sigmund
  1650 | D:2      | HP: 1/30 [poisoned by an adder]
  1650 | D:2      | Slain by an adder

Illustrated notes

Levels and vault maps discovered:
D:1:      matt_arrival_refuge, layout_basic
D:2:      layout_loops_ring, uniq_sigmund

Skill      XL: |  1  2  3 |
---------------+----------+-----
Poison Magic   | 5 |  5.7
Spellcasting   | 3 |  3.1
Dodging        | |  1.7
Stealth        | |  2.4
Transmutations | |  1.1

Action                     |  1- 3 |  4- 6 || total
---------------------------+-------+-------++-------
  Melee: Unarmed           |     2 |       ||     2
   Cast: Sting             |    56 |    15 ||    71
 Armour: Robe              |     7 |     1 ||     8
  Dodge: Dodged            |    21 |     8 ||    29

Table legend: (Time is in decaauts)
 A = Elapsed time spent in this place.
 B = Non-inter-level travel time spent in this place.
 C = Inter-level travel time spent in this place.
 D = Time resting spent in this place.
 E = Time spent auto-exploring this place.
 F = Levels seen in this place.
 G = Mean time per level.
                   A        B        C        D        E       F      G
               +--------+--------+--------+--------+--------+-----+--------+
         Total |   1649 |   1628 |     21 |      0 |   1397 |   2 |  824.5 |
       Dungeon |   1649 |   1628 |     21 |      0 |   1397 |   2 |  824.5 |
               +--------+--------+--------+--------+--------+-----+--------+

Top non-repeatable levels by time:
     D:1: 1069 daAuts
     D:2: 580 daAuts
